 Dungeon Crawl Stone Soup version 0.27-a0-906-g0a00ce863d (webtiles) character file.

Game seed: 4237128983357237120

7 jestyr24 the Conjurer (level 1, -1/13 HPs)
             Began as a Demonspawn Conjurer on Apr 7, 2021.
             Slain by a jackal (2 damage)
             ... on level 1 of the Dungeon.
             The game lasted 00:01:14 (149 turns).

jestyr24 the Conjurer (Demonspawn Conjurer)          Turns: 149, Time: 00:01:15

Health: -1/13      AC:  2    Str:  7    XL:     1   Next: 83%
Magic:  0/3        EV: 12    Int: 19    God:
Gold:   9          SH:  0    Dex: 11    Spells: 3/4 levels left

rFire    . . .     SeeInvis .   d - +0 dagger
rCold    . . .     Faith    .   (no shield)
rNeg     . . .     Spirit   .   a - +0 robe
rPois    .         Reflect  .   (no helmet)
rElec    .         Harm     .   (no cloak)
rCorr    .         Rampage  .   (no gloves)
Will     .....                  (no boots)
Stlth    ++........             (no amulet)
HPRegen  0.04/turn              (no ring)
MPRegen  0.08/turn              (no ring)

@: no status effects
A: no striking features
a: no special abilities


You were on level 1 of the Dungeon.
You visited 1 branch of the dungeon, and saw 1 of its levels.

You collected 9 gold pieces.

Inventory:

Hand Weapons
 d - a +0 dagger (weapon)
Missiles
 b - 14 stones
Armour
 a - a +0 robe (worn)
Jewellery
 c - an amulet of faith


   Skills:
 + Level 1.8 Dodging
 + Level 1.8 Stealth
 + Level 2.0 Spellcasting
 + Level 4.3 Conjurations


You had 3 spell levels left.
You knew the following spells:

 Your Spells              Type           Power      Damage    Failure   Level
a - Magic Dart            Conj           72%        1d6       3%          1

Your spell library contained the following spells:

 Spells                   Type           Power      Damage    Failure   Level
 Searing Ray              Conj           36%        3d4       4%          2
 Dazzling Flash           Conj/Hex       20%        N/A       22%         3
 Fulminant Prism          Conj/Hex       5%         3d7       56%         4
 Iskenderun's Mystic Bla  Conj/Tloc      10%        2d4       56%         4


Dungeon Overview and Level Annotations

Branches:
Dungeon (1/15)

Altars:


Message History

The jackal closely misses you.
You barely miss the jackal.
The jackal is moderately wounded.
The jackal closely misses you. The jackal barely misses you.
You miss the jackal.
The jackal is moderately wounded.
The jackal bites you.
A frilled lizard comes into view.
The jackal closely misses you.
The jackal bites you but does no damage.
You closely miss the jackal.
The jackal is moderately wounded.
The jackal bites you.
The jackal pauses to sniff the ground.
The jackal barely misses you. The jackal bites you.
You barely miss the jackal.
The jackal is lightly wounded.
The jackal closely misses you. The jackal barely misses you.
You are too injured to fight recklessly!
Casting: Magic Dart (safe; 3% risk of failure)
Confirm with . or Enter, or press ? or * to list all spells.
Aiming: Magic Dart (safe; 3% risk of failure)
Press: ? - help, Shift-Dir - straight line, f - jackal
Aim: a jackal (lightly wounded, 0% to evade)
The magic dart hits the jackal.
The jackal is severely wounded.
The jackal misses you. The jackal bites you. The jackal closely misses you.
You barely miss the jackal.
The jackal is severely wounded.
The jackal barely misses you. The jackal bites you.
* * * LOW HITPOINT WARNING * * *
The jackal bites you but does no damage.
The frilled lizard bites you.
* * * LOW HITPOINT WARNING * * *
The jackal bites you.
* * * LOW HITPOINT WARNING * * *
The jackal closely misses you.
There is a stone staircase leading down here.
The jackal bites you.
You die...

#### #... #..####
#..... #...# .#
#.††####.#.#
#....##....#.#.# ###
...####.#hlh....##
...## #
##...##.@.......
#...###...###....#.####
#.......##(..#....#####
###.<.####.#...........
#.......##.###....####
#...###...### ##.#.#
...## ###...####.#.#
### #.####.##....#
#....##....###


You could see 2 jackals and a frilled lizard.

Vanquished Creatures
  2 endoplasms (D:1)
  A goblin (D:1)
  2 jackals (D:1)
5 creatures vanquished.

Notes
Turn   | Place    | Note
-------+----------+-------------------------------------------
     0 | D:1      | jestyr24 the Demonspawn Conjurer began the quest for the
                  | Orb.
     0 | D:1      | Reached XP level 1. HP: 13/13 MP: 3/3
   149 | D:1      | Slain by a jackal

Illustrated notes

Levels and vault maps discovered:
D:1:      dpeg_arrival_simpleton_a, layout_loops_ring

Action                   || total
-------------------------++-------
Melee: Dagger            ||    10
 Cast: Magic Dart        ||    11
Armor: Robe              ||     5
Dodge: Dodged            ||    20

Table legend: (Time is in decaauts)
 A = Elapsed time spent in this place.
 B = Non-inter-level travel time spent in this place.
 C = Inter-level travel time spent in this place.
 D = Time resting spent in this place.
 E = Time spent auto-exploring this place.
 F = Levels seen in this place.
 G = Mean time per level.
                   A        B        C        D        E       F      G
               +--------+--------+--------+--------+--------+-----+--------+
         Total |    148 |    148 |      0 |     69 |     20 |   1 |  148.0 |
       Dungeon |    148 |    148 |      0 |     69 |     20 |   1 |  148.0 |
               +--------+--------+--------+--------+--------+-----+--------+

Top non-repeatable levels by time:
     D:1: 148 daAuts
